 Dungeon Crawl Stone Soup version 0.19.0-19-g8c6edcc (webtiles) character file.

147303 kae the Shatterer (level 18, -16/140 HPs)
             Began as a Formicid Fighter on Nov 14, 2016.
             Was the Champion of Okawaru.
             Killed from afar by a shock serpent (29 damage)
             ... with a bolt of electricity
             ... on level 2 of the Snake Pit.
             The game lasted 00:51:23 (35950 turns).

kae the Shatterer (Formicid Fighter)               Turns: 35950, Time: 00:51:24

Health: -16/140    AC: 31    Str: 28    XL:     18   Next: 8%
Magic:  0/26       EV: 10    Int:  9    God:    Okawaru [******]
Gold:   3123       SH: 13    Dex: 10    Spells: 0 memorised, 17 levels left

rFire  . . .     SeeInvis +     L - +9 great mace (holy)
rCold  . . .     Gourm    .     h - +2 plate armour {rPois}
rNeg   . . .     Faith    .     t - +0 shield
rPois  +         Spirit   +     (helmet unavailable)
rElec  .         Reflect  .     S - +2 cloak {MR+}
rCorr  .         Harm     .     e - +0 pair of gloves
MR     +++..                    R - +2 pair of boots {Stlth+}
Stlth  ..........               C - amulet of guardian spirit
                                i - +2 ring of protection
                                X - ring of protection from magic

@: lethally poisoned (-16 -> -18), heroism
A: permanent stasis, dig shafts and tunnels, four strong arms, antennae 3
a: Dig, Shaft Self, Heroism, Finesse, Renounce Religion


You were on level 2 of the Snake Pit.
You worshipped Okawaru.
Okawaru was exalted by your worship.
You were not hungry.

You visited 6 branches of the dungeon, and saw 27 of its levels.

You collected 3423 gold pieces.
You spent 300 gold pieces at shops.

Inventory:

Hand Weapons
 w - the +5 dire flail of Hubris {vamp, +Rage rElec}
   (Okawaru gifted it to you on level 15 of the Dungeon)

   It inflicts no extra harm, but heals its wielder when it wounds a living foe.
   It insulates you from electricity.
   It lets you go berserk.
 L - a +9 great mace of holy wrath (weapon)
 O - a +3 great mace
Armour
 e - a +0 pair of gloves (worn)
 h - a +2 plate armour of poison resistance (worn)
 t - a +0 shield (worn)
 R - a +2 pair of boots of stealth (worn)
 S - a +2 cloak of magic resistance (worn)
Jewellery
 i - a +2 ring of protection (right hand)
 C - an amulet of guardian spirit (around neck)
 V - an uncursed ring of flight
 X - a ring of protection from magic (left hand)
Wands
 b - a wand of heal wounds (3/9)
 H - a wand of acid (12/15)
 T - a wand of confusion (8/48)
 Y - a wand of acid (6/15)
 Z - a wand of confusion (19/48)
Scrolls
 d - 11 scrolls of remove curse
 l - 6 scrolls of noise
 m - 3 scrolls of recharging
 n - 5 scrolls of amnesia
 u - 4 scrolls of enchant weapon
 x - 10 scrolls of identify
 F - a scroll of acquirement
 N - 3 scrolls of enchant armour
 Q - 4 scrolls of magic mapping
Potions
 c - a potion of flight {unknown}
 j - 2 potions of cancellation
 k - 2 potions of ambrosia
 o - 2 potions of magic
 p - 2 potions of resistance
 v - a potion of cure mutation
 z - 8 potions of curing
 A - a potion of might
 B - 4 potions of mutation
 D - 3 potions of brilliance
 G - 4 potions of agility
 K - 3 potions of heal wounds
 P - 5 potions of lignification
 U - a potion of invisibility
Books
 a - a book of Geomancy

   Spells                             Type                      Level
   a - Sandblast                      Earth                        1
   b - Passwall                       Transmutation/Earth          2
   c - Stone Arrow                    Conjuration/Earth            3
   d - Petrify                        Transmutation/Earth          4
   e - Lee's Rapid Deconstruction     Earth                        5
 y - a book of Maledictions

   Spells                             Type                      Level
   a - Corona                         Hexes                        1
   b - Ensorcelled Hibernation        Hexes/Ice                    2
   c - Confuse                        Hexes                        3
   d - Tukima's Dance                 Hexes                        3
   e - Dazzling Spray                 Conjuration/Hexes            3
 I - a book of Flames

   Spells                             Type                      Level
   a - Flame Tongue                   Conjuration/Fire             1
   b - Throw Flame                    Conjuration/Fire             2
   c - Conjure Flame                  Conjuration/Fire             3
   d - Inner Flame                    Hexes/Fire                   3
   e - Sticky Flame                   Conjuration/Fire             4
   f - Fireball                       Conjuration/Fire             5
 M - a book of Battle

   Spells                             Type                      Level
   a - Infusion                       Charms                       1
   b - Shroud of Golubria             Charms/Translocation         2
   c - Song of Slaying                Charms                       2
   d - Spectral Weapon                Hexes/Charms                 3
   e - Regeneration                   Charms/Necromancy            3
 W - a book of Conjurations

   Spells                             Type                      Level
   a - Magic Dart                     Conjuration                  1
   b - Searing Ray                    Conjuration                  2
   c - Dazzling Spray                 Conjuration/Hexes            3
   d - Fulminant Prism                Conjuration/Hexes            4
   e - Iskenderun's Mystic Blast      Conjuration                  4
   f - Iskenderun's Battlesphere      Conjuration/Charms           5
Miscellaneous
 q - a disc of storms
Comestibles
 f - 20 bread rations
 g - 18 beef jerkies
 r - 3 slices of pizza
 s - 6 meat rations
 E - 14 fruits
 J - 4 royal jellies


   Skills:
 - Level 12.1(17.1) Fighting
 - Level 21.6(26.6) Maces & Flails
 - Level 12.0(17.0) Armour
 + Level 6.9(11.9) Shields
 - Level 9.1 Invocations
 - Level 11.6 Evocations


You had 17 spell levels left.
You didn't know any spells.

Dungeon Overview and Level Annotations

Branches:
Dungeon (15/15)            Temple (1/1) D:4            Lair (6/6) D:8
 Shoals (0/4) Lair:3        Snake (2/4) Lair:4        Slime (0/5) Lair:5
    Orc (2/2) D:11            Elf (1/3) Orc:2        Vaults (0/5) D:13
 Depths (0/5) D:15

Altars:
Ashenzari
Cheibriados
Dithmenos
Elyvilon
Fedhas
Gozag
Hepliaklqana
Kikubaaqudgha
Makhleb
Nemelex Xobeh
Okawaru
Qazlal
Ru
Sif Muna
Trog
Uskayaw
Vehumet
Xom
Yredelemnul
Zin
The Shining One
Beogh

Shops:
D:11 !   D:15 [   Orc:2 **:[   Elf:1 [**

Annotations:
D:4 appiemonkey's ghost, amateur FoFi
D:12 1 runed door


Innate Abilities, Weirdness & Mutations

You are under a permanent stasis effect.
You can dig through walls and to a lower floor.
Your four strong arms can wield two-handed weapons with a shield.
You have a pair of large antennae on your head. (SInv)


Message History

You hear an angry hiss.
The shock serpent shoots out a bolt of lightning at you!
The bolt of electricity hits you!
* * * LOW HITPOINT WARNING * * *
The bolt of electricity hits you!
* * * LOW HITPOINT WARNING * * *
The bolt of electricity hits the shock serpent.
The shock serpent completely resists.
The bolt of electricity hits the shock serpent.
The shock serpent completely resists.
You closely miss the shock serpent.
The shock serpent is heavily wounded.
You block the shock serpent's attack.
You bludgeon the shock serpent!!
The shock serpent is almost dead.
The shock serpent's electric aura discharges, shocking you!
* * * LOW HITPOINT WARNING * * *
The shock serpent shoots out a bolt of lightning at you!
The bolt of electricity hits you!
You die...

......N.......{............
..N....{.(.!.{.............
........)<.................
...........................
..........(................
.........{#################
.......###(# .....## #S##
.... ##@# .## ###


You could see a shock serpent.

Vanquished Creatures
  Vashnia (Snake:2)
  Donald (Snake:1)
  A nagaraja (Snake:2)
  A fire giant (D:15)
  3 orc warlords (Orc:1)
  Aizul (Snake:1)
  Nessos (Orc:2)
  2 dire elephants (Lair:6)
  A deep elf annihilator (Elf:1)
  The ghost of asdu the Severer, a journeyman DDGl of Makhleb (Lair:6)
  A yaktaur captain (D:15)
  A fire dragon (D:15)
  3 naga warriors (Snake:1)
  7 hydras
  2 vault guards (D:13)
  4 anacondas
  11 dancing weapons (Elf:1)
  3 centaur warriors
  An ogre mage (D:13)
  A queen ant (D:8)
  8 naga sharpshooters
  A death yak (D:15)
  A tengu warrior (D:15)
  3 shock serpents
  Sonja (Lair:1)
  4 unseen horrors
  The ghost of kuniqs the Skirmisher, a novice DrAr (D:6)
  3 necromancers (D:13)
  A deep elf archer (Elf:1)
  A wizard (D:15)
  4 hill giants
  6 ugly things
  10 orc knights
  A wolf spider zombie (D:9)
  8 mana vipers
  17 deep elf magi (Elf:1)
  2 orc sorcerers (Orc:1)
  3 cyclopes
  A salamander (Snake:2)
  9 elephants
  4 molten gargoyles (Elf:1)
  6 centaur zombies
  4 gargoyles
  17 black mambas
  4 naga magi
  A rime drake (shapeshifter) (Elf:1)
  A yaktaur (shapeshifter) (Elf:1)
  11 spiny frogs
  9 komodo dragons
  2 hellwings (D:8)
  A tengu conjurer (D:15)
  8 polar bears
  3 two-headed ogres (D:13)
  A hornet (D:10)
  4 trolls
  Grinder (D:3)
  A snapping turtle (Lair:3)
  20 blink frogs
  9 hippogriffs
  8 slime creatures
  A shadow (D:15)
  An air elemental (Elf:1)
  A centaur simulacrum (D:15)
  A spriggan (shapeshifter) (D:15)
  57 yaks
  8 basilisks
  20 humans (D:13)
  4 wraiths
  A water elemental (D:14)
  6 nagas
  18 wargs
  A mottled dragon (D:15)
  7 porcupines
  7 soldier ants (D:8)
  Duvessa (D:6)
  12 water moccasins
  A hornet zombie (D:14)
  A necrophage (D:10)
  67 orc warriors
  2 sky beasts
  9 black bears
  9 ice beasts
  22 ogres
  5 boggarts (D:14)
  2 eyes of draining
  11 centaurs
  2 phantoms
  8 wolves
  12 crocodiles
  A spectral wyvern (D:13)
  16 bullfrogs
  A big kobold (D:7)
  An earth elemental (Elf:1)
  Dowan (D:6)
  2 wyvern skeletons
  The ghost of lorenzova the Covered, a weakling DDFi (D:3)
  2 water moccasin skeletons
  26 killer bees
  15 wights
  3 electric eels
  8 howler monkeys
  9 crimson imps
  A lava snake (Elf:1)
  A quasit (D:13)
  2 bullfrog zombies
  29 orc priests
  9 hounds
  6 jellies
  Crazy Yiuf (D:6)
  10 centaur skeletons
  35 orc wizards
  4 bullfrog skeletons
  6 iguanas
  36 worker ants
  A killer bee zombie (D:7)
  A hound skeleton (D:6)
  13 adders
  4 gnolls (Orc:1)
  5 shadow imps
  3 oozes
  An adder zombie (D:9)
  2 adder skeletons
  3 worms (D:2)
  2 dart slugs
  7 leopard geckos
  169 orcs
  10 giant cockroaches
  4 goblins
  13 hobgoblins
  4 jackals (D:1)
  2 quokkas
  3 ball pythons
  5 bats
  4 frilled lizards
  14 kobolds
  A leopard gecko zombie (D:5)
  3 quokka skeletons
  A quokka zombie (D:7)
  5 rats
  5 plants
1055 creatures vanquished.

Vanquished Creatures (others)
  An orc wizard (D:8)
  A worker ant zombie (D:7)
  A shadow imp (D:8)
  6 fungi (Lair:6)
  8 plants (Lair:6)
17 creatures vanquished.

Grand Total: 1072 creatures vanquished

Notes
Turn   | Place    | Note
-------+----------+-------------------------------------------
     0 | D:1      | kae the Formicid Fighter began the quest for the Orb.
     0 | D:1      | Reached XP level 1. HP: 18/18 MP: 1/1
   359 | D:1      | Reached XP level 2. HP: 22/24 MP: 2/2
   657 | D:1      | Reached skill level 3 in Maces & Flails
   718 | D:1      | Reached XP level 3. HP: 26/29 MP: 3/3
  1233 | D:2      | Reached skill level 4 in Maces & Flails
  1233 | D:2      | Reached XP level 4. HP: 31/35 MP: 4/4
  1737 | D:3      | Noticed Grinder
  1754 | D:3      | Killed Grinder
  1754 | D:3      | Reached skill level 6 in Maces & Flails
  1754 | D:3      | Reached XP level 5. HP: 10/41 MP: 5/5
  1754 | D:3      | Reached XP level 6. HP: 12/47 MP: 6/6
  2063 | D:3      | Noticed lorenzova's ghost (weakling DDFi)
  2083 | D:3      | Killed lorenzova's ghost
  3031 | D:4      | Reached skill level 7 in Maces & Flails
  3031 | D:4      | Reached XP level 7. HP: 33/52 MP: 7/7
  3172 | D:4      | Found a staircase to the Ecumenical Temple.
  3200 | Temple   | Entered the Ecumenical Temple
  3311 | Temple   | Became a worshipper of Warmaster Okawaru
  3714 | D:4      | Reached skill level 8 in Maces & Flails
  3875 | D:4      | Noticed appiemonkey's ghost (amateur FoFi)
  4207 | D:5      | Entered Level 5 of the Dungeon
  4551 | D:5      | Reached * piety under Okawaru
  4551 | D:5      | Reached XP level 8. HP: 54/58 MP: 8/8
  4723 | D:5      | Reached skill level 9 in Maces & Flails
  5215 | D:6      | Reached skill level 1 in Invocations
  5579 | D:6      | Reached skill level 10 in Maces & Flails
  5600 | D:6      | Reached XP level 9. HP: 58/64 MP: 8/11
  5625 | D:6      | Noticed Duvessa
  5625 | D:6      | Noticed kuniqs's ghost (novice DrAr)
  5627 | D:6      | Noticed Dowan
  5637 | D:6      | Killed Duvessa
  5648 | D:6      | Killed kuniqs's ghost
  5648 | D:6      | Reached ** piety under Okawaru
  5658 | D:6      | Killed Dowan
  5658 | D:6      | Reached skill level 11 in Maces & Flails
  5688 | D:6      | Reached skill level 5 in Invocations
  6114 | D:6      | Found a runed door.
  6562 | D:6      | Noticed Crazy Yiuf
  6570 | D:6      | Killed Crazy Yiuf
  6629 | D:7      | Reached XP level 10. HP: 63/70 MP: 14/14
  6864 | D:7      | Reached skill level 12 in Maces & Flails
  6908 | D:7      | Reached *** piety under Okawaru
  8606 | D:8      | Found a staircase to the Lair.
  8646 | D:8      | Reached skill level 13 in Maces & Flails
  8761 | D:8      | Reached **** piety under Okawaru
  8845 | D:8      | Reached XP level 11. HP: 42/75 MP: 14/17
  9191 | D:8      | Noticed a queen ant
  9205 | D:8      | Killed a queen ant
  9381 | D:8      | Reached skill level 14 in Maces & Flails
  9487 | D:8      | Reached skill level 1 in Evocations
  9874 | D:9      | Reached ***** piety under Okawaru
 10378 | D:9      | Reached skill level 5 in Fighting
 10378 | D:9      | Reached skill level 5 in Armour
 10388 | D:9      | Received a gift from Okawaru
 11080 | D:9      | Reached skill level 5 in Evocations
 11290 | D:9      | Reached XP level 12. HP: 88/88 MP: 18/18
 11571 | Lair:1   | Entered Level 1 of the Lair of Beasts
 11698 | Lair:1   | Received a gift from Okawaru
 11822 | Lair:1   | Noticed Sonja
 11827 | Lair:1   | You fall through a shaft!
 11827 | Lair:2   | Noticed a six-headed hydra
 11850 | Lair:2   | Killed a six-headed hydra
 13689 | Lair:3   | Received a gift from Okawaru
 13914 | Lair:3   | Found a staircase to the Shoals.
 14241 | Lair:4   | Identified a scroll of acquirement
 14285 | Lair:4   | Reached XP level 13. HP: 98/100 MP: 17/19
 14330 | Lair:4   | Found a staircase to the Snake Pit.
 14927 | Lair:4   | Found a shadowy altar of Dithmenos.
 15498 | Lair:5   | Reached skill level 10 in Fighting
 15669 | Lair:5   | Reached skill level 10 in Armour
 15698 | Lair:5   | Noticed a four-headed hydra
 15716 | Lair:5   | Killed a four-headed hydra
 15991 | Lair:5   | Reached ****** piety under Okawaru
 15992 | Lair:5   | Reached skill level 10 in Evocations
 16177 | Lair:5   | Found a staircase to the Slime Pits.
 16656 | Lair:6   | Entered Level 6 of the Lair of Beasts
 16785 | Lair:6   | Noticed a five-headed hydra
 16794 | Lair:6   | Killed a five-headed hydra
 16794 | Lair:6   | Received a gift from Okawaru
 17022 | Lair:6   | Noticed a six-headed hydra
 17036 | Lair:6   | Killed a six-headed hydra
 17068 | Lair:6   | Reached XP level 14. HP: 71/111 MP: 13/21
 17281 | Lair:6   | Noticed asdu's ghost (journeyman DDGl)
 17319 | Lair:6   | Killed asdu's ghost
 18291 | Lair:6   | Noticed a dire elephant
 18291 | Lair:6   | Noticed a dire elephant
 18340 | Lair:6   | Killed a dire elephant
 18628 | Lair:6   | Killed a dire elephant
 18819 | Lair:6   | Noticed a dire elephant
 19016 | Lair:1   | You fall through a shaft!
 19174 | Lair:1   | Killed Sonja
 19174 | Lair:1   | Received a gift from Okawaru
 19953 | D:10     | Entered Level 10 of the Dungeon
 21132 | D:11     | Found Haullyfe's Distillery.
 21140 | D:11     | Bought a potion of lignification for 30 gold pieces
 21140 | D:11     | Bought a potion of curing for 30 gold pieces
 21306 | D:11     | Found a staircase to the Orcish Mines.
 21355 | D:11     | Reached XP level 15. HP: 119/119 MP: 20/23
 21441 | D:11     | Reached skill level 15 in Maces & Flails
 21746 | Orc:1    | Entered Level 1 of the Orcish Mines
 21968 | Orc:2    | Entered Level 2 of the Orcish Mines
 22092 | Orc:2    | Found a staircase to the Elven Halls.
 22109 | Orc:2    | Noticed Nessos
 22172 | Orc:2    | Killed Nessos
 22839 | Orc:2    | Found Moshuded's General Store.
 22994 | Orc:2    | Bought a scroll of magic mapping for 45 gold pieces
 22998 | Orc:2    | Found Ecenkuh's General Store.
 23112 | Orc:2    | Bought a scroll of identify for 26 gold pieces
 23112 | Orc:2    | Bought a scroll of enchant armour for 97 gold pieces
 23296 | Orc:2    | Received a gift from Okawaru
 23636 | Orc:2    | Found a roughly hewn altar of Beogh.
 23667 | Orc:2    | Reached skill level 16 in Maces & Flails
 23706 | Orc:2    | Found Batzukhl Sida's Book Boutique.
 23706 | Orc:2    | Found Seran's Antique Armour Emporium.
 24524 | Orc:1    | Noticed an orc warlord
 24525 | Orc:1    | Noticed an orc warlord
 24554 | Orc:1    | Killed an orc warlord
 24573 | Orc:1    | Killed an orc warlord
 24762 | Orc:1    | Noticed an orc warlord
 24796 | Orc:1    | Killed an orc warlord
 24881 | Orc:1    | Reached skill level 17 in Maces & Flails
 25940 | D:12     | Found a runed door.
 25940 | D:12     | Found a white marble altar of Elyvilon.
 25940 | D:12     | Noticed an angel
 26816 | D:13     | Received a gift from Okawaru
 26946 | D:13     | Reached XP level 16. HP: 114/127 MP: 20/24
 27446 | D:13     | Found a gate to the Vaults.
 27466 | D:13     | Reached skill level 18 in Maces & Flails
 28920 | D:15     | Entered Level 15 of the Dungeon
 29029 | D:15     | Received a gift from Okawaru
 29035 | D:15     | Got a scorched dire flail {god gift}
 29036 | D:15     | Identified the +5 dire flail of Hubris {vamp, +Rage rElec} (Okawaru gifted it to you on level 15 of the Dungeon)
 29084 | D:15     | Reached skill level 19 in Maces & Flails
 29165 | D:15     | Found a shattered altar of Ashenzari.
 29767 | D:15     | Found Baoxaihe's Antique Armour Shoppe.
 30089 | D:15     | Found a staircase to the Depths.
 30089 | D:15     | Noticed a fire giant
 30232 | D:15     | Killed a fire giant
 30757 | Elf:1    | Entered Level 1 of the Elven Halls
 30773 | Elf:1    | Received a gift from Okawaru
 31155 | Elf:1    | Reached XP level 17. HP: 133/133 MP: 25/25
 31228 | Elf:1    | Reached skill level 20 in Maces & Flails
 31845 | Elf:1    | Received a gift from Okawaru
 32368 | Elf:1    | Found Petupp's Armour Boutique.
 32370 | Elf:1    | Found Lana's General Store.
 32372 | Elf:1    | Found Kitwoipy's General Store.
 32383 | Elf:1    | Bought a scroll of identify for 28 gold pieces
 32389 | Elf:1    | Bought a potion of might for 44 gold pieces
 33110 | Snake:1  | Entered Level 1 of the Snake Pit
 33548 | Snake:1  | Noticed Donald
 33581 | Snake:1  | Killed Donald
 33679 | Snake:1  | Reached skill level 21 in Maces & Flails
 34448 | Snake:1  | Noticed Aizul
 34471 | Snake:1  | Killed Aizul
 34866 | Snake:2  | Received a gift from Okawaru
 35004 | Snake:2  | Noticed Vashnia
 35253 | Snake:2  | Received a gift from Okawaru
 35916 | Snake:2  | Killed Vashnia
 35916 | Snake:2  | Reached skill level 5 in Shields
 35916 | Snake:2  | Reached XP level 18. HP: 104/140 MP: 19/26
 35950 | Snake:2  | Killed from afar by a shock serpent

Skill      XL: |  1  2  3  4  5  6  7  8  9 10 11 12 13 14 15 16 17 18 |
---------------+-------------------------------------------------------+-----
Maces & Flails | 3 4 6 7 8 10 11 13 14 17 19 21 | 21.6
Invocations    | 3 6 8 9 |  9.1
Evocations     | 5 8 10 11 | 11.6
Armour         | 6 8 10 12 | 12.0
Fighting       | 6 8 10 12 | 12.1
Shields        | 5 6 |  6.9

Action                   |  1- 3 |  4- 6 |  7- 9 | 10-12 | 13-15 | 16-18 || total
-------------------------+-------+-------+-------+-------+-------+-------++-------
Melee: Flail             |   158 |   124 |   364 |  1255 |       |       ||  1901
       Whip              |       |       |    56 |       |       |       ||    56
       Demon whip        |       |       |       |     5 |   660 |       ||   665
       Great mace        |       |       |       |       |  1058 |   884 ||  1942
Invok: Heroism           |       |       |     6 |    22 |    28 |    14 ||    70
       Finesse           |       |       |       |       |       |     1 ||     1
 Abil: Dig               |     1 |       |     2 |     6 |    21 |    12 ||    42
       Shaft Self        |       |       |       |     1 |       |       ||     1
Evoke: Wand              |       |       |       |       |     1 |       ||     1
  Use: Potion            |       |     1 |     3 |     3 |     1 |     1 ||     9
       Scroll            |       |       |    18 |     9 |    11 |     3 ||    41
 Stab: Invisible         |       |       |     4 |       |       |       ||     4
       Distracted        |       |       |       |       |       |     2 ||     2
  Eat: Chunk             |     2 |     3 |    13 |    25 |    46 |    22 ||   111
       Beef jerky        |       |     1 |       |       |       |       ||     1
       Fruit             |       |       |       |     2 |       |    14 ||    16
Armor: Plate armour      |    86 |    76 |   146 |   615 |   760 |   430 ||  2113
Dodge: Dodged            |    23 |    15 |    52 |   257 |   329 |   152 ||   828
Block: Shield            |    77 |    45 |   141 |   554 |   661 |   357 ||  1835
